 Dungeon Crawl Stone Soup version 0.31-a0-524-g2a164cf6a2 (webtiles) character file.

Game seed: 3948035000436579414

108 AdnanSaban the Shield-Bearer (level 4, -11/29 HPs)
             Began as a Gargoyle Fighter on Aug 12, 2023.
             Killed by divine providence
             ... invoked by an orc priest
              (12 damage)
             ... on level 3 of the Dungeon.
             The game lasted 00:01:37 (2123 turns).

AdnanSaban the Shield-Bearer (Gargoyle Fighter)     Turns: 2123, Time: 00:01:38

Health: -11/29     AC: 10    Str: 22    XL:     4   Next: 87%
Magic:  4/4        EV:  9    Int:  8    God:
Gold:   132        SH:  4    Dex:  9    Spells: 3/3 levels left

rFire   . . .        a - +0 flail
rCold   . . .        c - +0 buckler
rNeg    + . .        b - +0 scale mail
rPois   ∞            (no helmet)
rElec   +            (no cloak)
rCorr   .            (no gloves)
SInv    .            (no boots)
Will    .....        (no amulet) Stlth
                     (no ring)
HPRegen 0.24/turn    (no ring)
MPRegen 0.09/turn

%: no passive effects
@: no status effects
A: sickness immunity, AC +3, negative energy resistance 1, electricity
resistance, torment resistance 1, petrification resistance
a: no special abilities


You were on level 3 of the Dungeon.
You visited 1 branch of the dungeon, and saw 3 of its levels.

You collected 132 gold pieces.

Inventory:

Hand Weapons
 a - a +0 flail (weapon)
Armour
 b - a +0 scale mail (worn)
 c - a +0 buckler (worn)
Jewellery
 e - a ring of protection from fire
Scrolls
 g - a scroll of identify {unknown}
 h - 2 scrolls of blinking {unknown}
 i - a scroll of teleportation {unknown}
 l - a scroll of butterflies {unknown}
 m - a scroll of enchant armour {unknown}
Potions
 d - 3 potions of might
 f - a potion of magic {unknown}
 j - a potion of curing {unknown}
 k - a potion of heal wounds {unknown}
 n - a potion of enlightenment {unknown}


   Skills:
 + Level 3.6 Fighting
 + Level 3.4 Maces & Flails
 + Level 3.8 Armour
 + Level 0.9 Dodging
 + Level 0.5 Stealth
 + Level 3.8 Shields


You had 3 spell levels left.
You didn't know any spells.
Your spell library contained the following spells:

 Spells                   Type           Power      Damage    Failure   Level
 Animate Armour           Summ/Erth      0%         N/A       100%        4
 Freezing Cloud           Conj/Ice/Air   0%         6-21      100%        5
 Summon Cactus Giant      Summ           0%         N/A       100%        6


Dungeon Overview and Level Annotations

Branches:
Dungeon (3/15)

Altars:


Innate Abilities, Weirdness & Mutations

You are immune to sickness and miasma.
Your stone body is resilient. (AC +3)
You are immune to poison.
You resist negative energy. (rN+)
You are resistant to electric shocks. (rElec)
You are resistant to unholy torment.
You are immune to petrification.


Message History

The orc priest is severely wounded.
The orc priest hits you but does no damage.
You block the orc's attack. x2
You barely miss the orc priest.
The orc priest is severely wounded.
The orc priest completely misses you. The orc closely misses you.
The orc hits you but does no damage.
You closely miss the orc priest.
The orc priest is severely wounded.
The orc priest barely misses you. The orc closely misses you. x2
You barely miss the orc priest.
The orc priest is severely wounded.
The orc priest mumbles some strange prayers to Beogh against you.
Beogh smites you! The orc barely misses you. The orc closely misses you.
The orc hits you with a +0 flail! The orc hits you but does no damage.
The orc priest hits you but does no damage.
The orc hits you but does no damage.
You hit the orc priest.
The orc priest is severely wounded.
The orc priest hits you but does no damage.
The orc hits you but does no damage. The orc barely misses you.
The orc hits you but does no damage.
You hit the orc priest but do no damage.
The orc priest is severely wounded.
The orc priest barely misses you. The orc hits you but does no damage.
You block the orc's attack. The orc closely misses you.
You barely miss the orc priest.
The orc priest is severely wounded.
The orc priest completely misses you. The orc hits you with a +0 whip.
* * * LOW HITPOINT WARNING * * *
The orc hits you but does no damage. x2
You barely miss the orc priest.
The orc priest is severely wounded.
You block the orc priest's attack. The orc barely misses you.
The orc hits you but does no damage. You block the orc's attack.
The orc hits you but does no damage. The orc hits you with a +0 flail.
* * * LOW HITPOINT WARNING * * *
The orc priest calls down the wrath of Beogh upon you.
Beogh smites you!
You die...

#.# #.# .. ###
#.# #'# .... #.#
####'####....
#.#
#............
#.#
#............
#.#
#............
#.#
#...ooo......
#.# #....@oo...#
#.#
#######'#######
#.# #.......#
#.#
#.......########
#.#
#........[.....#
#.#
####...........#
#.#
#...........#
#.#
#...........#
#.#
#...........#


You could see an orc priest and 4 orcs.

Vanquished Creatures
  An orc priest (D:3)
  2 adders (D:2)
  A dart slug (D:1)
  4 orcs (D:3)
  3 endoplasms
  A giant cockroach (D:2)
  9 goblins
  7 hobgoblins
  2 kobolds
  A quokka (D:2)
  2 ball pythons
  7 bats
  5 frilled lizards
  8 rats
53 creatures vanquished.

Notes
Turn   | Place    | Note
-------+----------+-------------------------------------------
     0 | D:1      | AdnanSaban the Gargoyle Fighter began the quest for the
                  | Orb.
     0 | D:1      | Reached XP level 1. HP: 14/14 MP: 1/1
   157 | D:1      | Got Sif Muna's Lectures on Amalgamated Frost
   197 | D:1      | Reached XP level 2. HP: 4/19 MP: 2/2
   277 | D:1      | Found a faded altar of an unknown god.
   633 | D:1      | Reached XP level 3. HP: 23/23 MP: 3/3
  1615 | D:2      | Reached XP level 4. HP: 27/28 MP: 4/4
  2112 | D:3      | Identified the amulet of Ises {RegenMP Int+3}
  2123 | D:3      | HP: 1/29 [orc/+0 flail (5)]
  2123 | D:3      | Killed from afar by an orc priest

Illustrated notes

Levels and vault maps discovered:
D:1:      dpeg_arrival_tiny_a, layout_basic,
          shapermc_ecumenical_altar_mp_ritualfount, minmay_misc_feat_doors
D:2:      layout_basic, minmay_crystal_water
D:3:      layout_basic, zin_angel, ebering_ghost_rock_garden

Skill      XL: |  1  2  3 |
---------------+----------+-----
Maces & Flails | 3 |  3.4
Fighting       | |  3.6
Armour         | |  3.8
Dodging        | |  0.9
Stealth        | |  0.5
Shields        | |  3.8

Action                     |  1- 3 |  4- 6 || total
---------------------------+-------+-------++-------
  Melee: Flail             |   145 |    52 ||   197
 Armour: Scale mail        |    76 |    43 ||   119
  Dodge: Dodged            |    74 |    39 ||   113
  Block: Buckler           |    32 |    16 ||    48

Table legend: (Time is in decaauts)
 A = Elapsed time spent in this place.
 B = Non-inter-level travel time spent in this place.
 C = Inter-level travel time spent in this place.
 D = Time resting spent in this place.
 E = Time spent auto-exploring this place.
 F = Levels seen in this place.
 G = Mean time per level.
                   A        B        C        D        E       F      G
               +--------+--------+--------+--------+--------+-----+--------+
         Total |   2183 |   2161 |     22 |      0 |   1693 |   3 |  727.7 |
       Dungeon |   2183 |   2161 |     22 |      0 |   1693 |   3 |  727.7 |
               +--------+--------+--------+--------+--------+-----+--------+

Top non-repeatable levels by time:
     D:1: 1016 daAuts
     D:2: 911 daAuts
     D:3: 255 daAuts
